 Dungeon Crawl Stone Soup version 0.24.0-10-g970556be89 (webtiles) character file.

Game seed: 3457735569289405385, levelgen mode: deterministic

179 Acheron the Chopper (level 5, -1/47 HPs)
             Began as a Minotaur Berserker on Nov 4, 2019.
             Was a Believer of Trog.
             Slain by a jackal (2 damage)
             ... on level 3 of the Dungeon.
             The game lasted 00:08:32 (2562 turns).

Acheron the Chopper (Minotaur Berserker)            Turns: 2562, Time: 00:08:33

Health: -1/47      AC:  4    Str: 21    XL:     5   Next: 33%
Magic:  4/4        EV: 12    Int:  5    God:    Trog [**....]
Gold:   126        SH:  0    Dex: 10    Spells: 4/4 levels left

rFire    . . .     SeeInvis .   a - +0 hand axe
rCold    . . .     Gourm    .   (no shield)
rNeg     . . .     Faith    .   e - +1 leather armour
rPois    .         Spirit   .   (helmet restricted)
rElec    .         Reflect  .   (no cloak)
rCorr    .         Harm     .   (no gloves)
MR       .....                  (no boots)
Stlth    +.........             (no amulet)
HPRegen  0.15/turn              (no ring)
MPRegen  0.09/turn              (no ring)

@: no status effects
A: retaliatory headbutt, horns 2
a: Berserk, Trog's Hand, Renounce Religion


You were on level 3 of the Dungeon.
You worshipped Trog.
Trog was pleased with you.
You were not hungry.

You visited 1 branch of the dungeon, and saw 4 of its levels.

You collected 126 gold pieces.

Inventory:

Hand Weapons
 a - a +0 hand axe (weapon)
 k - a +2 dagger of venom
 s - a +1 trident of protection
Missiles
 i - 62 stones
 p - 5 boomerangs (quivered)
Armour
 b - a scarf of spirit shield
 e - a +1 leather armour (worn)
Wands
 r - a wand of acid (3)
Scrolls
 g - a scroll of fear
 j - a scroll of remove curse
 l - 2 scrolls of teleportation
 t - a scroll of enchant weapon {unknown}
Potions
 d - a potion of mutation
 f - 2 potions of lignification {unknown}
 h - a potion of cancellation {unknown}
 m - a potion of heal wounds {unknown}
 n - a potion of curing {unknown}
 q - a potion of degeneration {unknown}
Comestibles
 c - 2 rations
 o - 3 chunks of flesh


   Skills:
 * Level 4.7 Fighting
 + Level 4.7 Axes
 * Level 1.7 Throwing
 + Level 2.9 Armour
 * Level 3.0 Dodging
 * Level 1.2 Stealth
 * Level 1.1 Evocations


You had 4 spell levels left.
You didn't know any spells.
Your spell library was empty.

Dungeon Overview and Level Annotations

Branches:
Dungeon (4/15)
 Temple: D:4-7

Altars:
Dithmenos
Wu Jian
Xom
Zin

Shops:
D:2 *

Annotations:
D:3 3 runed translucent doors, AlterAsc's ghost, amateur DrTm; tonywhite87's ghost, amateur GrFi; topfpfpflanze's ghost, weakling HuNe


Innate Abilities, Weirdness & Mutations

You reflexively headbutt those who attack you in melee.
You have a pair of horns on your head.


Message History

* * * LOW HITPOINT WARNING * * *
The jackal bites you.
* * * LOW HITPOINT WARNING * * *
You hit the orc priest. You headbutt the orc priest.
The orc priest is severely wounded.
You hit the orc. You hit the jackal but do no damage.
The rat twitches its whiskers.
The jackal bites you.
* * * LOW HITPOINT WARNING * * *
The orc closely misses you. The orc priest closely misses you.
You hit the orc priest but do no damage.
The orc priest is severely wounded.
You hit the jackal but do no damage. You hit the orc. The jackal bites you.
* * * LOW HITPOINT WARNING * * *
The orc misses you.
The orc priest miscasts a cantrip.
You hit the orc priest but do no damage.
The orc priest is severely wounded.
You hit the jackal. You hit the orc. The jackal bites you.
You die...

## .. .# ###########
.##### ...........##
.....
....#####...#####o.#
###.......#.....@hr#
# #..####...#####o.#
###).# ##.## .....
.##..# #.# .##.#.#
.....# #.# .# #
.##.## #.# .#
##...#####.# ..
...........# .#
##...####..#


You could see an orc priest, an orc, a jackal and a rat.

Vanquished Creatures
  A bullfrog (D:3)
  An orc wizard (D:2)
  An adder (D:2)
  A worm (D:3)
  A dart slug (D:1)
  2 leopard geckos (D:1)
  13 orcs
  A bat (D:2)
  2 giant cockroaches (D:1)
  9 goblins
  8 hobgoblins
  4 jackals
  3 kobolds
  2 quokkas
  2 frilled lizards
  2 leopard gecko skeletons
  2 rats
55 creatures vanquished.

Notes
Turn   | Place    | Note
-------+----------+-------------------------------------------
     0 | D:1      | Acheron the Minotaur Berserker began the quest for the Orb.
     0 | D:1      | Reached XP level 1. HP: 19/19 MP: 0/0
    92 | D:1      | Reached XP level 2. HP: 27/27 MP: 1/1
  1046 | D:2      | Reached XP level 3. HP: 33/33 MP: 2/2
  1193 | D:4      | Found a shadowy altar of Dithmenos.
  1274 | D:3      | Reached ** piety under Trog
  1274 | D:3      | Reached skill level 1 in Throwing
  1288 | D:3      | Found a runed translucent gate.
  1288 | D:3      | Found a runed translucent gate.
  1288 | D:3      | Found a runed translucent gate.
  1289 | D:3      | Noticed AlterAsc's ghost (amateur DrTm)
  1289 | D:3      | Noticed topfpfpflanze's ghost (weakling HuNe)
  1289 | D:3      | Noticed tonywhite87's ghost (amateur GrFi)
  1428 | D:3      | Noticed a bullfrog
  1437 | D:3      | Killed a bullfrog
  1437 | D:3      | Reached skill level 1 in Stealth
  1437 | D:3      | Reached XP level 4. HP: 22/41 MP: 3/3
  1797 | D:2      | Found a shimmering altar of Xom.
  2019 | D:2      | Found an ornate altar of the Wu Jian Council.
  2169 | D:2      | Reached skill level 1 in Evocations
  2169 | D:2      | Reached XP level 5. HP: 19/47 MP: 4/4
  2412 | D:2      | Found Zin's Purification Station.
  2412 | D:2      | Found a glowing silver altar of Zin.
  2561 | D:3      | HP: 1/47 [jackal (3)]
  2562 | D:3      | Slain by a jackal

Levels and vault maps discovered:
D:1:      saegor_arrival_simple_b, layout_basic
D:2:      layout_basic, nicolae_overflow_hidden_temple, lemuel_doored_altar,
          zin_purify, kennysheep_another_room
D:3:      layout_loops_ring, gammafunk_ghost_cemetery
D:4:      layout_cave_pods, nicolae_dithmenos_through_a_glass_darkly,
          eat_drink_and_be_merry_uskayaw, first_ration

Skill      XL: |  1  2  3  4  5 |
---------------+----------------+-----
Fighting       | 4 |  4.7
Axes           | 4 |  4.7
Throwing       | 1 |  1.7
Stealth        | 1 |  1.2
Evocations     | 1 |  1.1
Dodging        | 3 |  3.0
Armour         | |  2.9

Action                   |  1- 3 |  4- 6 || total
-------------------------+-------+-------++-------
Melee: Hand axe          |    70 |    49 ||   119
       Headbutt          |     8 |     6 ||    14
  Use: Scroll            |     4 |     2 ||     6
  Eat: Chunk             |     2 |     3 ||     5
Armor: Leather armour    |    13 |    15 ||    28
Dodge: Dodged            |    46 |    34 ||    80
